 Dungeon Sprint DCSS version 0.24-b1-48-gd9db55c (webtiles) character file.

Game seed: 9882909674826498663, levelgen mode: deterministic

3600000 Fang the Conqueror (level 21, -2/204 HPs)
             Began as a Demonspawn Gladiator on Oct 24, 2019.
             Was a High Priest of Makhleb.
             Slain by a destroyer
             ... wielding a +9 great sword of slicing
              (4 damage)
             ... in the Dungeon (Sprint VIII: "Arena of Blood").
             The game lasted 00:00:49 (36 turns).

Fang the Conqueror (Demonspawn Gladiator)             Turns: 36, Time: 00:00:50

Health: -2/204     AC:  6    Str: 22    XL:     21   Next: 17%
Magic:  21/21      EV: 32    Int: 12    God:    Makhleb [*****.]
Gold:   0          SH:  0    Dex: 15    Spells: 20/20 levels left

rFire    . . .     SeeInvis .   l - +โˆž Axe of Woe
rCold    . . .     Gourm    .   (shield currently unavailable)
rNeg     . . .     Faith    .   b - +0 leather armour
rPois    .         Spirit   .   (helmet unavailable)
rElec    .         Reflect  .   (no cloak)
rCorr    .         Harm     .   (no gloves)
MR       +....     NoTele   +   (no boots)
Stlth    +++++++++.             (no amulet)
HPRegen  0.44/turn              (no ring)
MPRegen  0.17/turn              (no ring)

@: no status effects
A: horns 3, spiny 2, rot immunity, sturdy frame 3
a: Minor Destruction, Lesser Servant of Makhleb, Major Destruction, Greater
Servant of Makhleb, Renounce Religion


You were in the Dungeon.
You worshipped Makhleb.
Makhleb was extremely pleased with you.
You were not hungry.

You visited 1 branch

Inventory:

Hand Weapons
 a - a +0 war axe
 l - the +โˆž Axe of Woe (weapon)
   (You found it in the Dungeon)
Missiles
 d - 3 throwing nets (quivered)
Armour
 b - a +0 leather armour (worn)
 c - a +0 helmet
Jewellery
 m - a +30 ring of slaying
 n - a +30 ring of slaying
Scrolls
 k - a scroll of blinking
Potions
 e - a potion of curing
 g - a potion of heal wounds
 h - a potion of haste
 i - 2 potions of magic
 j - a potion of berserk rage
Comestibles
 f - a ration


   Skills:
 O Level 27 Fighting
 O Level 27 Axes
 O Level 27 Throwing
 O Level 27 Armour
 O Level 27 Dodging
 * Level 25.4 Stealth
 O Level 27 Unarmed Combat


You had 20 spell levels left.
You didn't know any spells.
Your spell library was empty.

Dungeon Overview and Level Annotations

Branches:
Dungeon (1/1)

Altars:
Makhleb


Innate Abilities, Weirdness & Mutations

You have a pair of large horns on your head.
You are mostly covered in sharp spines.
You are immune to rotting.
Your movements are significantly less encumbered by armour. (ER -6)


Message History

A meat berserker comes into view. It is wielding a +9 battleaxe.
You hear a shout!
A bag of meat comes into view. It is wielding a +9 war axe.
You hear a shout!
A bag of meat comes into view. It is wielding a +9 war axe.
A large bag of meat comes into view. It is wielding a +9 giant spiked club.
You hear a shout! x2
The meat berserker rages.
You hear a shout!
A large bag of meat comes into view. It is wielding a +9 giant spiked club.
The destroyer blinks!
You hear a shout! x4
Things that are here:
a +9 battleaxe; a +30 ring of slaying; a meat berserker corpse You hear a shout! x4
The destroyer hits you with a +9 great sword of slicing!!!!!
Ouch! That really hurt!
* * * LOW HITPOINT WARNING * * *
x2 The destroyer bites you.
You die...

...oo.OOo..
.o.Ooo.....
..o..o....
#oo.....# ..
#.......#
...###.o.....###.
......).###......
#.....))._......
......#@)...#..
..O...#_V<._#
..... #ยง.)..#
#.......)_......
........###......
...###... O.###.
. #... ..# #...
.# ..... ..


You could see a destroyer, a large bag of meat (inner flame), a meat berserker
(berserk) and 7 bags of meat.

Vanquished Creatures
  8 ogres (D)
  16 orcs (D)
24 creatures vanquished.

Notes
Turn   | Place    | Note
-------+----------+-------------------------------------------
     0 | D        | Found the +โˆž Axe of Woe
     0 | D        | Fang the Demonspawn Gladiator began the quest for the Orb.
     0 | D        | Reached XP level 1. HP: 16/16 MP: 1/1
     0 | D        | Noticed a bag of meat
     1 | D        | Noticed a bag of meat
     2 | D        | Noticed a bag of meat
     3 | D        | Killed a bag of meat
     3 | D        | Gained mutation: You have a pair of small horns on your
                  | head. [demonic ancestry]
     3 | D        | Reached XP level 2. HP: 19/43 MP: 2/2
     3 | D        | Gained mutation: You have a pair of horns on your head.
                  | [demonic ancestry]
     3 | D        | Reached XP level 3. HP: 21/49 MP: 3/3
     3 | D        | Reached XP level 4. HP: 24/56 MP: 4/4
     3 | D        | Reached XP level 5. HP: 27/62 MP: 5/5
     3 | D        | Gained mutation: You are immune to rotting. [demonic
                  | ancestry]
     3 | D        | Reached XP level 6. HP: 30/69 MP: 6/6
     3 | D        | Gained mutation: Your movements are slightly less
                  | encumbered by armour. (ER -2) [demonic ancestry]
     3 | D        | Reached XP level 7. HP: 33/75 MP: 7/7
     3 | D        | Gained mutation: You are partially covered in sharp spines.
                  | [demonic ancestry]
     3 | D        | Reached XP level 8. HP: 36/82 MP: 8/8
     3 | D        | Reached XP level 9. HP: 38/88 MP: 9/9
     3 | D        | Reached XP level 10. HP: 41/95 MP: 10/10
     3 | D        | Reached XP level 11. HP: 44/101 MP: 11/11
     3 | D        | Noticed a bag of meat
     3 | D        | Noticed a bag of meat
     3 | D        | Noticed a bag of meat
     3 | D        | Noticed a meat berserker
     5 | D        | Became a worshipper of Makhleb the Destroyer
     6 | D        | Noticed a bag of meat
     6 | D        | Noticed a bag of meat
     7 | D        | Killed a bag of meat
     7 | D        | Reached skill level 15 in Axes
     7 | D        | Reached skill level 15 in Throwing
     7 | D        | Reached skill level 15 in Dodging
     7 | D        | Reached XP level 12. HP: 51/113 MP: 12/12
     8 | D        | Noticed a meat berserker
     8 | D        | Killed a meat berserker
     8 | D        | Reached * piety under Makhleb
     8 | D        | Gained mutation: You are mostly covered in sharp spines.
                  | [demonic ancestry]
     8 | D        | Reached XP level 13. HP: 57/125 MP: 13/13
     8 | D        | Reached XP level 14. HP: 60/133 MP: 14/14
     8 | D        | Killed a bag of meat
     8 | D        | Noticed a meat berserker
     9 | D        | Noticed a bag of meat
    10 | D        | Killed a bag of meat
    10 | D        | Reached XP level 15. HP: 100/144 MP: 15/15
    11 | D        | Reached ** piety under Makhleb
    12 | D        | Killed a meat berserker
    12 | D        | Reached XP level 16. HP: 157/157 MP: 16/16
    12 | D        | Noticed a meat berserker
    13 | D        | Killed a meat berserker
    13 | D        | Reached *** piety under Makhleb
    13 | D        | Reached XP level 17. HP: 169/169 MP: 17/17
    14 | D        | Noticed a meat berserker
    15 | D        | Noticed a meat berserker
    16 | D        | Killed a meat berserker
    16 | D        | Reached skill level 27 in Fighting
    16 | D        | Reached **** piety under Makhleb
    16 | D        | Reached XP level 18. HP: 182/182 MP: 18/18
    17 | D        | Reached skill level 27 in Axes
    17 | D        | Reached skill level 27 in Dodging
    18 | D        | Killed a meat berserker
    18 | D        | Reached skill level 27 in Throwing
    18 | D        | Gained mutation: You have a pair of large horns on your
                  | head. [demonic ancestry]
    18 | D        | Reached XP level 19. HP: 189/189 MP: 19/19
    19 | D        | Noticed a meat berserker
    21 | D        | Reached ***** piety under Makhleb
    21 | D        | Reached skill level 27 in Unarmed Combat
    22 | D        | Killed a meat berserker
    24 | D        | Gained mutation: Your movements are less encumbered by
                  | armour. (ER -4) [demonic ancestry]
    24 | D        | Reached XP level 20. HP: 197/197 MP: 20/20
    25 | D        | Killed a meat berserker
    27 | D        | Reached skill level 27 in Armour
    31 | D        | Noticed a meat berserker
    32 | D        | Noticed a destroyer
    34 | D        | Noticed a large bag of meat
    34 | D        | Killed a meat berserker
    34 | D        | Gained mutation: Your movements are significantly less
                  | encumbered by armour. (ER -6) [demonic ancestry]
    34 | D        | Reached XP level 21. HP: 204/204 MP: 21/21
    34 | D        | Noticed a large bag of meat
    35 | D        | Noticed a large bag of meat
    36 | D        | HP: 2/204 [destroyer/+9 great sword of slicing (33)]
    36 | D        | Slain by a destroyer

Skill      XL: |  1  2  3  4  5  6  7  8  9 10 11 12 13 14 15 16 17 18 19 20 |
---------------+-------------------------------------------------------------+-----
Fighting       | 14 16 19 21 23 25 27 | 27.0
Axes           | 13 15 18 19 22 23 26 27 | 27.0
Throwing       | 13 15 18 19 21 23 26 27 | 27.0
Dodging        | 13 15 18 19 22 23 26 27 | 27.0
Unarmed Combat | 21 27 | 27.0
Armour         | 22 27 | 27.0
Stealth        | 25 | 25.4

Action                   |  1- 3 |  4- 6 |  7- 9 | 10-12 | 13-15 | 16-18 | 19-21 || total
-------------------------+-------+-------+-------+-------+-------+-------+-------++-------
Melee: Executioner's axe |     1 |       |       |     2 |     3 |     5 |     8 ||    19
Dodge: Dodged            |       |       |       |     1 |       |     1 |       ||     2
